Map: Winter's Gate LE

Players

SpeCial

  • Race: Terran Terran
  • Spawn Location: 11:00

HeroMarine - Winner!

  • Race: Terran Terran
  • Spawn Location: 5:00

Event: NationWars 2019

VOD

Have the link to the VOD?

Description

Time

  • Played on: Nov. 13, 2019, 12:24 p.m.
  • Length: 12:12

All games in this series

Show
View Real Time Build Order
Export as new Build Order

SpeCial Terran 

Build Orders: Gas First Reaper Expand 

Get SALT Encoding   

  12  0:00  SCV  
  13  0:12  SCV  
  14  0:17  Supply Depot  
  14  0:25  SCV  
  14  0:27  Refinery  
  15  0:39  SCV  
  16  0:43  Barracks  
  16  0:51  SCV  
  17  1:03  SCV  
  18  1:15  SCV  
  19  1:30  Orbital Command, Reaper  
  20  1:44  Command Center  
  20  1:54  Factory  
  20  1:58  SCV  
  21  2:06  Barracks Reactor  
  21  2:10  SCV  
  21  2:12  Supply Depot  
  22  2:17  Refinery  
  22  2:22  SCV  
  23  2:34  SCV  
  23  2:39  Hellion  
  23  2:42  Marine x2  
  26  2:44  Starport  
  26  2:46  SCV  
  27  2:59  SCV  
  27  3:00  Marine x2  
  27  3:02  Factory Tech Lab  
  30  3:11  SCV  
  31  3:20  Marine x2  
  31  3:23  SCV  
  31  3:25  Orbital Command  
  34  3:30  Raven  
  36  3:35  SCV  
  36  3:36  Factory Tech Lab  
  36  3:38  Marine x2  
  39  3:47  SCV  
  40  3:51  SCV  
  41  3:57  Siege Tank  
  41  3:59  SCV  
  41  4:02  Command Center  
  45  4:06  Supply Depot  
  45  4:08  SCV  
  46  4:16  Barracks  
  46  4:23  Stimpack  
  46  4:27  SCV x2, Marine  
  46  4:29  Supply Depot  
  46  4:31  Starport Reactor  
  47  4:40  SCV x2  
  47  4:45  Marine  
  50  4:49  Siege Tank  
  50  4:52  SCV x2  
  55  4:53  Supply Depot  
  55  4:58  Refinery  
  55  5:01  Refinery  
  55  5:03  Marine  
  55  5:04  SCV x2  
  55  5:06  Marine x2  
  60  5:14  Orbital Command  
  60  5:15  Supply Depot  
  60  5:16  SCV  
  60  5:17  SCV  
  60  5:20  Medivac  
  60  5:21  Marine  
  65  5:23  Marine  
  65  5:24  Medivac  
  65  5:26  Marine  
  65  5:28  SCV  
  70  5:29  SCV  
  71  5:35  Orbital Command  
  71  5:36  Siege Tank  
  71  5:38  Marine  
  71  5:39  Supply Depot  
  71  5:40  SCV  
  71  5:41  Marine  
  77  5:44  Marine  
  77  5:45  SCV  
  79  5:52  SCV  
  79  5:56  Barracks, Marine  
  81  5:57  SCV  
  81  5:59  Marine  
  81  6:00  Starport Reactor  
  81  6:03  SCV  
  84  6:04  SCV, Marine  
  84  6:05  Combat Shield  
  84  6:09  SCV  
  87  6:13  Engineering Bay x2, Supply Depot  
  87  6:14  Marine  
  87  6:15  SCV  
  87  6:17  Marine  
  87  6:22  Marine  
  81  6:32  Marine  
  73  6:35  Marine  
  54  6:40  Marine  
  54  6:43  Siege Tank  
  54  6:45  Orbital Command  
  54  6:50  Marine  
  54  6:52  Marine  
  52  6:54  Marine  
  52  6:56  SCV  
  52  6:58  Marine  
  55  7:01  Marine  
  55  7:07  Marine  
  54  7:09  SCV  
  54  7:10  Marine  
  54  7:11  Medivac  
  54  7:15  Siege Tank, Marine  
  48  7:16  Orbital Command, Marine  
  48  7:19  Marine  
  48  7:20  Orbital Command  
  48  7:21  Medivac  
  53  7:24  SCV  
  53  7:25  Marine  
  55  7:30  Marine  
  55  7:33  Marine  
  55  7:34  Marine  
  55  7:36  SCV  
  59  7:37  Marine  
  59  7:40  Terran Infantry Weapons Level 1  
  59  7:41  Orbital Command  
  60  7:44  SCV  
  60  7:48  Terran Infantry Armor Level 1  
  60  7:49  SCV  
  62  7:52  Marine x2  
  62  7:56  SCV, Marine x3  
  68  8:01  SCV  
  68  8:04  Siege Tank  
  72  8:06  SCV  
  72  8:08  SCV  
  72  8:10  Marine  
  72  8:11  Marine  
  74  8:13  Marine x2  
  74  8:16  Medivac  
  71  8:21  SCV x2  
  71  8:22  Marine  
  74  8:28  Medivac  
  74  8:31  SCV  
  74  8:33  SCV  
  78  8:35  SCV, Marine x2  
  78  8:36  Marine  
  82  8:44  SCV  
  82  8:45  SCV  
  82  8:47  SCV, Marine x2  
  85  8:56  SCV, Marine  
  85  8:57  SCV, Refinery, Marine  
  85  8:58  Refinery  
  85  8:59  SCV, Marine  
  91  9:05  Marine  
  91  9:07  Marine  
  91  9:08  SCV, Medivac  
  91  9:09  SCV  
  95  9:12  SCV  
  95  9:17  Marine  
  95  9:19  Marine  
  95  9:20  SCV  
  98  9:31  SCV x2  
  100  9:32  Marine x3  
  101  9:43  Supply Depot  
  101  9:44  Supply Depot  
  101  9:55  Armory  
  101  10:04  Marine x2  
  101  10:05  SCV x3, Siege Tank, Marine x3, Sensor Tower  
  101  10:06  Supply Depot  
  112  10:16  Medivac  
  112  10:17  SCV  
  112  10:28  Supply Depot  
  112  10:33  Supply Depot x2  
  112  10:49  Marine x5  
  112  10:54  SCV  
  112  10:56  Siege Tank  
  121  10:58  Medivac x2  
  125  11:07  Marine x5  
  107  11:22  SCV  
  107  11:25  Marine x5  
  104  11:28  SCV  
  107  11:34  SCV  
  94  11:42  SCV  
  94  11:43  Marine x5  
Show
View Real Time Build Order
Export as new Build Order

HeroMarine Terran - Winner!

Build Orders: Gas First Reaper Expand 

Get SALT Encoding   

  12  0:00  SCV  
  13  0:13  SCV  
  14  0:18  Supply Depot  
  14  0:25  SCV  
  15  0:29  Refinery  
  15  0:39  SCV  
  16  0:45  Barracks  
  16  0:51  SCV  
  17  1:03  SCV  
  18  1:15  SCV  
  19  1:32  Orbital Command, Reaper  
  20  1:45  Command Center  
  20  1:55  Factory  
  20  2:00  SCV  
  21  2:08  Barracks Reactor  
  21  2:12  SCV  
  22  2:17  Supply Depot  
  22  2:19  Refinery  
  22  2:24  SCV  
  23  2:36  SCV  
  23  2:44  Marine x2  
  23  2:45  Hellion  
  23  2:48  SCV  
  28  2:51  Starport  
  28  3:00  SCV  
  28  3:01  Orbital Command  
  29  3:06  Marine x2  
  32  3:12  SCV  
  32  3:13  Factory Tech Lab  
  32  3:24  SCV  
  32  3:25  Marine x2  
  32  3:26  Refinery  
  35  3:27  SCV  
  36  3:37  SCV  
  36  3:38  Supply Depot  
  36  3:39  Raven  
  36  3:40  Factory Tech Lab, SCV  
  40  3:49  SCV, Marine x2  
  40  3:52  SCV  
  44  4:01  SCV, Supply Depot  
  44  4:02  Siege Tank  
  48  4:04  SCV  
  48  4:06  Marine  
  50  4:13  SCV  
  50  4:16  SCV  
  52  4:22  Raven  
  54  4:25  SCV  
  54  4:28  SCV  
  56  4:33  Command Center  
  56  4:37  SCV, Siege Tank  
  60  4:40  SCV  
  60  4:41  Supply Depot  
  61  4:51  Supply Depot  
  61  4:52  SCV  
  62  5:04  SCV  
  62  5:05  SCV  
  63  5:09  Siege Tank  
  66  5:14  Barracks  
  66  5:15  Barracks  
  66  5:16  SCV, Viking  
  66  5:17  SCV  
  66  5:18  Marine  
  66  5:20  Viking  
  73  5:28  SCV  
  74  5:29  SCV  
  74  5:30  Refinery  
  75  5:36  Engineering Bay x2, Marine  
  75  5:40  SCV  
  75  5:41  SCV  
  78  5:47  Siege Tank  
  78  5:48  Orbital Command  
  81  5:52  SCV  
  81  5:53  SCV  
  81  5:54  Marine  
  84  5:57  Viking  
  84  5:59  Viking  
  84  6:02  Barracks Reactor  
  84  6:04  Barracks Reactor  
  88  6:05  SCV x2  
  88  6:10  Supply Depot  
  90  6:11  Marine  
  90  6:17  SCV x2  
  91  6:20  SCV  
  92  6:26  Siege Tank  
  92  6:29  SCV  
  92  6:30  Marine  
  92  6:31  SCV  
  92  6:32  SCV  
  94  6:37  Viking x2  
  94  6:39  Marine  
  86  6:41  SCV, Marine x2  
  86  6:43  SCV  
  86  6:45  Marine  
  83  6:47  SCV, Marine  
  83  6:53  SCV  
  75  6:57  Marine  
  75  6:59  Marine  
  76  7:02  Marine  
  76  7:07  SCV  
  73  7:10  SCV  
  73  7:17  SCV  
  73  7:19  SCV, Barracks Tech Lab  
  73  7:22  SCV  
  76  7:26  Marine  
  76  7:29  SCV  
  78  7:31  SCV  
  78  7:32  Marine x2  
  78  7:34  SCV  
  82  7:38  Terran Infantry Weapons Level 1  
  82  7:39  Terran Infantry Armor Level 1  
  82  7:41  SCV  
  82  7:43  SCV  
  84  7:46  Stimpack  
  84  7:47  Factory Tech Lab, SCV  
  85  7:52  Marine x2  
  85  7:53  SCV  
  85  7:55  SCV, Marine x2  
  91  7:58  Medivac  
  91  7:59  SCV, Medivac  
  97  8:06  Supply Depot  
  97  8:08  Marine  
  97  8:09  Marine  
  97  8:10  Marine  
  101  8:15  Marine x2  
  101  8:17  Supply Depot  
  101  8:27  SCV x3, Siege Tank, Marine x2  
  109  8:38  Medivac x2, Marine x3  
  117  8:45  Marine  
  117  8:46  Supply Depot  
  117  8:48  Marine  
  118  8:56  Marine x3  
  119  9:03  Marine  
  119  9:06  Marine  
  119  9:07  Siege Tank  
  119  9:08  Medivac x2  
  128  9:10  Armory  
  128  9:14  Barracks, Marine x3  
  128  9:16  Orbital Command  
  131  9:21  Marine  
  131  9:24  Marine  
  132  9:25  Combat Shield  
  130  9:32  Marine x3  
  130  9:35  Supply Depot  
  130  9:37  Supply Depot  
  131  9:56  Marine x2  
  131  9:58  Marine x3  
  138  10:03  Barracks Reactor  
  134  10:08  Medivac  
  134  10:09  Medivac  
  134  10:12  Siege Tank  
  141  10:19  Orbital Command  
  141  10:20  Supply Depot  
  141  10:21  Supply Depot  
  141  10:42  SCV x2, Marine x6  
  149  10:44  SCV  
  144  10:54  SCV x2  
  146  10:58  Siege Tank  
  146  10:59  Marine x6  
  146  11:01  SCV  
  146  11:03  Factory  
  155  11:06  SCV x2  
  155  11:07  Barracks Reactor  
  157  11:17  Marine x6  
  124  11:35  Marine x6  
  102  11:44  Marine  
  102  11:45  Marine  
  101  11:53  Marine x6  
Tags
 
Add a new tag
Caveats
  • Supply blocks, unpowered buildings, or Contaminate may cause inaccurate times.
  • Supply counts are checked every 10 seconds.